AoeStats
← 1109919864

Arena

510323064Analyzed
2v2 RM · 2d ago on Sep 30, 2026· 48m 42s· 4 players
Game mode
Random Map
Map size
Medium (4 player)
Population
200
Speed
Normal
Resources
Standard
Victory
Conquest
Starting age
Dark Age
Ending age
Imperial Age
RankedLock teamsTeams togetherTeam positionsShared explorationLock speedFull tech treeHidden civsTurbo modeCheats
Victory
Defeat
🇻🇳 Franks · Vietnam
1049
+15
🇬🇧 Ethiopians · United Kingdom
1015
+24
🇨🇳 Goths · China
1044
-16
1012
-15
Mithranqueer
13:17 Feudal Age
13:30 Loom
17:51 Castle Age
15:47 Horse Collar
16:40 Double-Bit Axe
18:40 Heavy Plow
20:25 Wheelbarrow
20:22 Bow Saw
25:16 Town Watch
26:56 Scale Mail Armor
27:02 Fletching
28:29 Hand Cart
29:15 Forging
29:59 Chain Mail Armor
33:06 Imperial Age
30:36 Gold Mining
30:46 Stone Mining
31:48 Iron Casting
32:51 Squires
32:37 Arson
33:48 Gold Shaft Mining
33:49 Stone Shaft Mining
34:49 Chemistry
34:20 Plate Mail Armor
34:50 Blast Furnace
34:14 Elite Shotel Warrior
36:22 Two-Man Saw
35:39 Royal Heirs
36:57 Siege Engineers
37:44 Torsion Engines
#South
11:04 Feudal Age
15:52 Castle Age
13:55 Double-Bit Axe
14:44 Gold Mining
17:21 Husbandry
26:41 Fletching
29:36 Padded Archer Armor
30:42 Crossbowman
35:52 Ordonnance Companies
37:28 Masonry
37:40 Ballistics
38:13 Leather Archer Armor
39:36 Gold Shaft Mining
39:34 Bodkin Arrow
42:18 Bow Saw
46:40 Stone Mining
48:07 Wheelbarrow
50:35 Imperial Age
49:06 Hand Cart
1109919864
10:00 Feudal Age
10:59 Loom
16:08 Castle Age
15:11 Double-Bit Axe
17:38 Wheelbarrow
24:26 Stone Mining
26:15 Gold Mining
27:02 Stone Shaft Mining
27:10 Stone Shaft Mining
26:26 Town Watch
27:17 Bow Saw
27:32 Anarchy
30:00 Hand Cart
29:46 Town Patrol
30:11 Horse Collar
34:37 Imperial Age
35:41 Scale Mail Armor
35:52 Forging
36:50 Conscription
36:59 Chain Mail Armor
36:50 Scale Barding Armor
37:26 Ballistics
37:02 Murder Holes
39:06 Iron Casting
37:55 Elite Huskarl
41:04 Chemistry
45:03 Blast Furnace
47:29 Perfusion
饱受摧残的萌新
9:55 Feudal Age
14:15 Castle Age
12:38 Double-Bit Axe
13:01 Horse Collar
18:01 Fervor
20:37 Wheelbarrow
20:51 Heavy Plow
26:50 Imperial Age
24:31 Loom
26:03 Chemistry
25:02 Town Watch
25:38 Hand Cart
25:08 Town Watch
25:20 Pikeman
26:27 Squires
26:59 Halberdier
28:38 Scale Mail Armor
28:48 Forging
28:31 Fletching
29:07 Ballistics
28:58 Scale Mail Armor
29:09 Forging
30:15 Conscription
30:55 Redemption
31:09 Hussite Reforms
32:07 Wagenburg Tactics
31:54 Arson
34:01 Elite Hussite Wagon
35:30 Guilds
38:09 Redemption
38:15 Block Printing
38:32 Cavalier
40:48 Iron Casting
40:18 Scale Barding Armor
41:13 Sanctity
43:17 Sanctity
44:05 Illumination
Connection lost

Rejoining the realm…

Still unreachable

The connection could not be restored.

Session expired

The server has moved on; the page needs a fresh start.